 Dungeon Sprint DCSS version 0.30.1-4-g462c640d31 (webtiles) character file.

Game seed: 8995022459348011353

3067 Heoruswealwe the Cleaver (level 9, -1/94 HPs)
             Began as a Hill Orc Fighter on Aug 22, 2023.
             Was the Champion of Zin.
             Killed from afar by an oklob plant (28 damage)
             ... with a splash of acid
             ... in the Dungeon (Sprint I: "Red Sonja").
             The game lasted 00:11:04 (931 turns).

Heoruswealwe the Cleaver (Hill Orc Fighter)          Turns: 931, Time: 00:11:04

Health: -1/94      AC:  4    Str: 23    XL:     9   Next: 88%
Magic:  9/9        EV:  8    Int:  8    God:    Zin [******]
Gold:   688        SH:  7    Dex: 10    Spells: 8/8 levels left

rFire   . . .        a - +0 war axe
rCold   . . .        d - +0 buckler
rNeg    . . .        c - +0 chain mail
rPois   .            (no helmet)
rElec   .            (no cloak)
rCorr   .            (no gloves)
SInv    .            (no boots)
Will    .....        (no amulet) Stlth
                     (no ring)
HPRegen 0.35/turn    (no ring)
MPRegen 0.11/turn

%: no teleportation
@: corroded
A: no striking features
a: Renounce Religion, Recite, Vitalisation, Imprison, Sanctuary, Donate Gold


You were in the Dungeon.
You worshipped Zin.
Zin was exalted by your worship.
You visited 1 branch You collected 700 gold pieces.
You donated 12 gold pieces to Zin.

Inventory:

Hand Weapons
 a - a +0 war axe (weapon)
Armour
 c - a +0 chain mail (worn)
 d - a +0 buckler (worn)
Wands
 k - a wand of digging (10)
Scrolls
 b - a scroll of vulnerability {unknown}
 g - a scroll of fog {unknown}
 i - a scroll of magic mapping {unknown}
 j - a scroll of blinking
 l - a scroll of poison {unknown}
Potions
 e - 3 potions of curing
 h - 2 potions of magic


   Skills:
 + Level 13.8 Fighting
 + Level 14.6 Axes
 + Level 12.7 Armour
 + Level 12.7 Shields


You had 8 spell levels left.
You didn't know any spells.
Your spell library was empty.

Dungeon Overview and Level Annotations

Branches:
Dungeon (1/1)

Altars:
Cheibriados
Dithmenos
Elyvilon
Fedhas
Gozag
Hepliaklqana
Kikubaaqudgha
Makhleb
Nemelex Xobeh
Okawaru
Qazlal
Ru
Sif Muna
Trog
Uskayaw
Vehumet
Wu Jian
Xom
Yredelemnul
Zin
The Shining One
Jiyva
Lugonu

Shops:
D =[

Annotations:
D exclusion: oklob plant


Message History

An oklob plant comes into view.
The oklob plant spits acid at you. The splash of acid hits you!
The acid corrodes you!
Marking area around an oklob plant as unsafe for travelling.
There is an open door here.
You hit the oklob plant but do no damage.
The oklob plant spits acid at you. The splash of acid hits you!!
The acid corrodes you!
You hit the oklob plant but do no damage.
You hit the oklob plant.
The oklob plant is lightly damaged.
You hit the oklob plant but do no damage.
You hit the oklob plant.
The oklob plant is lightly damaged.
The oklob plant spits acid at you. The splash of acid misses you.
You slash the oklob plant!
The oklob plant is moderately damaged.
You slash the oklob plant!
The oklob plant is heavily damaged.
You hit the oklob plant but do no damage.
The oklob plant is heavily damaged.
You hit the oklob plant but do no damage.
The oklob plant is heavily damaged.
You completely miss the oklob plant.
The oklob plant is heavily damaged.
The oklob plant spits acid at you. The splash of acid misses you.
You completely miss the oklob plant.
The oklob plant is heavily damaged.
The oklob plant spits acid at you. The splash of acid hits you!!
* * * LOW HITPOINT WARNING * * *
You hit the oklob plant.
The oklob plant is heavily damaged.
You slash the oklob plant!
The oklob plant is severely damaged.
The oklob plant spits acid at you. The splash of acid hits you!!
You die...

###################
..#..'..#__#..'...#
..').#..'..'..#)..#
#'#####'#__####...+
..#...#.####.§#####
###..##.#§~§§.#..#
__##'#_.+§~).§+..#
...'..._#~~)..#..#
__##_.#'##+#####@#
__###+#.#..(.###P+
### ####'###.###
+.....')∩#
##########


You could see an oklob plant.

Vanquished Creatures
  2 centaur warriors (D)
  A deep troll (D)
  2 kobold demonologists (D)
  A hornet (D)
  Sigmund (D)
  A yak (D)
  A slime creature (D)
  A floating eye (D)
  An ogre (D)
  A jelly (D)
  Ijyb (D)
13 creatures vanquished.

Notes
Turn   | Place    | Note
-------+----------+-------------------------------------------
     0 | D        | Heoruswealwe the Hill Orc Fighter began the quest for the
                  | Orb.
     0 | D        | Reached XP level 1. HP: 19/19 MP: 1/1
     1 | D        | Noticed Ijyb
    19 | D        | Killed Ijyb
    20 | D        | Reached skill level 5 in Fighting
    20 | D        | Reached skill level 4 in Axes
    20 | D        | Reached XP level 2. HP: 4/29 MP: 2/2
    20 | D        | Reached XP level 3. HP: 6/36 MP: 3/3
   136 | D        | Noticed an ogre
   139 | D        | Killed an ogre
   140 | D        | Reached skill level 6 in Axes
   140 | D        | Reached XP level 4. HP: 45/45 MP: 4/4
   176 | D        | Noticed Sigmund
   190 | D        | Killed Sigmund
   191 | D        | Reached skill level 8 in Axes
   191 | D        | Reached XP level 5. HP: 33/55 MP: 5/5
   191 | D        | Reached XP level 6. HP: 38/62 MP: 6/6
   275 | D        | Found a shimmering blue altar of Sif Muna.
   276 | D        | Found an ornate altar of the Wu Jian Council.
   277 | D        | Found a viscous altar of Jiyva.
   277 | D        | Found a corrupted altar of Lugonu.
   277 | D        | Noticed a slime creature
   288 | D        | Killed a slime creature
   289 | D        | Reached skill level 9 in Axes
   289 | D        | Reached XP level 7. HP: 59/70 MP: 7/7
   289 | D        | Found a radiant altar of Vehumet.
   323 | D        | Found Lopha's Jewellery Emporium.
   323 | D        | Found an ancient bone altar of Kikubaaqudgha.
   323 | D        | Found a hazy altar of Hepliaklqana.
   323 | D        | Found a stormy altar of Qazlal.
   323 | D        | Found a hide-covered altar of Uskayaw.
   323 | D        | Found a blossoming altar of Fedhas.
   323 | D        | Found a bloodstained altar of Trog.
   323 | D        | Found an iron altar of Okawaru.
   323 | D        | Found a basalt altar of Yredelemnul.
   323 | D        | Found a glowing golden altar of the Shining One.
   323 | D        | Found a snail-covered altar of Cheibriados.
   323 | D        | Found a sacrificial altar of Ru.
   323 | D        | Found a glowing silver altar of Zin.
   323 | D        | Found a shadowy altar of Dithmenos.
   323 | D        | Found a white marble altar of Elyvilon.
   323 | D        | Noticed a yak
   330 | D        | Killed a yak
   331 | D        | Reached skill level 10 in Fighting
   331 | D        | Reached skill level 10 in Axes
   331 | D        | Found an opulent altar of Gozag.
   332 | D        | Found a sparkling altar of Nemelex Xobeh.
   338 | D        | Became a worshipper of Zin the Law-Giver
   338 | D        | Reached * piety under Zin
   338 | D        | Reached ** piety under Zin
   360 | D        | Reached *** piety under Zin
   360 | D        | Reached **** piety under Zin
   360 | D        | Reached ***** piety under Zin
   362 | D        | Reached ****** piety under Zin
   384 | D        | Found a burning altar of Makhleb.
   384 | D        | Found a shimmering altar of Xom.
   449 | D        | Noticed a kobold demonologist
   449 | D        | Noticed a kobold demonologist
   451 | D        | Paralysed by a floating eye for 4 turns
   453 | D        | Noticed a ynoxinul
   464 | D        | Killed a kobold demonologist
   465 | D        | Reached skill level 11 in Axes
   465 | D        | Reached skill level 10 in Armour
   465 | D        | Reached skill level 10 in Shields
   465 | D        | Reached XP level 8. HP: 71/82 MP: 8/8
   468 | D        | Killed a kobold demonologist
   469 | D        | Reached skill level 12 in Axes
   482 | D        | Noticed a centaur warrior
   486 | D        | Noticed a centaur warrior
   492 | D        | Killed a centaur warrior
   493 | D        | Reached skill level 13 in Axes
   493 | D        | Reached XP level 9. HP: 49/91 MP: 9/9
   498 | D        | Killed a centaur warrior
   657 | D        | Noticed a deep troll
   664 | D        | Killed a deep troll
   665 | D        | Reached skill level 14 in Axes
   676 | D        | Found Kul Juoz's Armour Emporium.
   742 | D        | Noticed a hornet
   754 | D        | Killed a hornet
   917 | D        | Noticed an oklob plant
   931 | D        | Killed from afar by an oklob plant

Illustrated notes

Levels and vault maps discovered:
D:        dungeon_sprint_1 [red_sonja_temple_1, red_sonja_temple_small_1]

Skill      XL: |  1  2  3  4  5  6  7  8  9 |
---------------+----------------------------+-----
Fighting       | 5 6 8 9 11 12 13 | 13.8
Axes           | 4 6 8 9 11 13 14 | 14.6
Armour         | 4 6 7 8 10 11 12 | 12.7
Shields        | 4 6 7 8 10 11 12 | 12.7

Action                     |  1- 3 |  4- 6 |  7- 9 || total
---------------------------+-------+-------+-------++-------
  Melee: War axe           |    19 |    21 |    62 ||   102
 Invoke: Recite            |       |       |     1 ||     1
  Evoke: Wand              |     1 |       |       ||     1
    Use: Potion            |     1 |       |     3 ||     4
   Stab: Confused          |       |       |     3 ||     3
 Armour: Scale mail        |     3 |       |       ||     3
         Chain mail        |       |     4 |    24 ||    28
  Dodge: Dodged            |     4 |     7 |    21 ||    32
  Block: Buckler           |     4 |     1 |    13 ||    18
